 Dungeon Crawl Stone Soup version 0.31-a0-167-g1c394c0614 (webtiles) character file.

Game seed: 12796699806915379010

61 TrayleKats the Ruffian (level 3, -1/36 HPs)
             Began as a Troll Fighter on June 14, 2023.
             Slain by an orc wizard
             ... wielding a +0 spear
              (6 damage)
             ... on level 3 of the Dungeon.
             The game lasted 00:01:18 (784 turns).

TrayleKats the Ruffian (Troll Fighter)               Turns: 784, Time: 00:01:19

Health: -1/36      AC:  4    Str: 24    XL:     3   Next: 83%
Magic:  2/2        EV:  8    Int:  6    God:
Gold:   29         SH:  0    Dex:  9    Spells: 2/2 levels left

rFire   . .          .
                       - Unarmed
rCold   . . .        b - +0 kite shield
rNeg    . . .        a - +0 robe
rPois   .            (helmet restricted)
rElec   .            (no cloak)
rCorr   .            (gloves unavailable)
SInv    .            (boots unavailable)
Will    .....        (no amulet)
Stlth   +            f - ring of wizardry
HPRegen 1.06/turn    (no ring)
MPRegen 0.08/turn

%: wizardry (x1)
@: confused
A: large, unfitting armour, claws 3, regeneration 1, shaggy fur 1, tough skin 1
a: no special abilities


You were on level 3 of the Dungeon.
You visited 1 branch of the dungeon, and saw 4 of its levels.

You collected 29 gold pieces.

Inventory:

Armour
 a - a +0 robe (worn)
 b - a +0 kite shield (worn)
Jewellery
 f - a ring of wizardry (left claw)
Scrolls
 i - a scroll of immolation {unknown}
 j - 2 scrolls of identify {unknown}
 k - a scroll of teleportation {unknown}
 l - a scroll of poison {unknown}
Potions
 c - a potion of might
 d - a potion of heal wounds {unknown}
 e - 2 potions of invisibility {unknown}
 g - a potion of enlightenment {unknown}
 h - a potion of attraction {unknown}


   Skills:
 + Level 2.9 Fighting
 - Level 2.4 Dodging
 + Level 3.1 Shields
 * Level 3.2 Unarmed Combat


You had 2 spell levels left.
You didn't know any spells.
Your spell library contained the following spells:

 Spells                   Type           Power      Damage    Failure   Level
 Summon Guardian Golem    Hex/Summ       0%         N/A       75%         3
 Orb of Destruction       Conj           0%         9d5       100%        7
 Spellforged Servitor     Conj/Summ      0%         N/A       100%        7


Dungeon Overview and Level Annotations

Branches:
Dungeon (4/15)
 Temple: D:4-7

Altars:


Innate Abilities, Weirdness & Mutations

You are too large for most types of armour.
You have claws for hands.
Your natural rate of healing is unusually fast.
You are covered in fur. (AC +1)
You have tough skin. (AC +1)


Message History

The orc wizard shouts!
You scratch the orc.
You kill the orc!
Things that are here:
a +0 flail; 11 gold pieces An orc comes into view.
It is wielding a +0 club.
The orc shouts!
The orc wizard hits you with a +0 spear.
You closely miss the orc wizard.
The orc wizard points at you and mumbles some strange words.
The puff of flame hits you!
You closely miss the orc wizard.
The orc wizard casts a spell.
The orc wizard flickers and vanishes!
Deactivating autopickup; reactivate with Ctrl-A.
You miss something. Something hits you.
You are too injured to fight recklessly!
You are too injured to fight recklessly!
You are too injured to fight recklessly!
You completely miss something.
You hear some strange, mumbled words.
A magic dart appears from out of thin air!
The magic dart hits you.
You miss something. Something hits you.
You closely miss something. Something hits you.
* * * LOW HITPOINT WARNING * * *
You closely miss something. Something completely misses you.
You closely miss something. Something hits you.
* * * LOW HITPOINT WARNING * * *
You completely miss something. Something hits you.
* * * LOW HITPOINT WARNING * * *
You claw something! Something hits you.
* * * LOW HITPOINT WARNING * * *
You barely miss something.
You hear some strange, mumbled words.
You are confused.
Something hits you.
* * * LOW HITPOINT WARNING * * *
You bump into the rock wall.
Something hits you.
You die...

#.##.###...##
####>##.##.###.###
..##.##....# #....
#.##.#####.###.###
#.##.# ##...## #
#.##†# ##.## #
#o##.# #.# #
#{##.#######.# #
#.#####@##.........#
###
#......)############
#.. ######).#
#####.# #..# #...)..
#######..# #.###..
.........# #.# ###
#######)## #.#
#.###########.#
#.............#


You could see an orc.

Vanquished Creatures
  An orc wizard (D:3)
  3 dart slugs (D:1)
  5 orcs
  A ball python (D:3)
  2 bats (D:1)
  A giant cockroach (D:1)
  A goblin (D:3)
  A hobgoblin (D:4)
  6 kobolds
  A quokka (D:1)
  2 frilled lizards
  A rat (D:1)
25 creatures vanquished.

Notes
Turn   | Place    | Note
-------+----------+-------------------------------------------
     0 | D:1      | TrayleKats the Troll Fighter began the quest for the Orb.
     0 | D:1      | Reached XP level 1. HP: 22/22 MP: 0/0
   209 | D:1      | Reached XP level 2. HP: 29/29 MP: 1/1
   450 | D:2      | You fall into a shaft and drop 2 floors!
   524 | D:4      | Reached XP level 3. HP: 31/36 MP: 2/2
   784 | D:3      | Slain by an orc wizard

Illustrated notes

Levels and vault maps discovered:
D:1:      dpeg_arrival_concentric_ovals, layout_basic
D:2:      layout_loops_ring, shapermc_ecumenical_altar_mp_ritualfount,
          kennysheep_generic_room_13
D:3:      layout_loops_ring, serial_shops, nicolae_shop_statue_plus,
          chequers_serial_rivers_micro_d
D:4:      layout_cave_pools, fedhas_altar_2, kennysheep_mini_moat,
          minmay_overflow_temple_star_hex, minmay_temple_entry_glass,
          serial_rivers, chequers_serial_rivers_large_b,
          chequers_serial_rivers_micro_d, chequers_serial_rivers_small_a,
          chequers_serial_rivers_micro_a, chequers_serial_rivers_small_3,
          minmay_bisected

Skill      XL: |  1  2  3 |
---------------+----------+-----
Shields        | 3 |  3.1
Unarmed Combat | 3 |  3.2
Fighting       | |  2.9
Dodging        | |  2.4

Action                     || total
---------------------------++-------
  Melee: Unarmed           ||    92
 Armour: Robe              ||    26
  Dodge: Dodged            ||    20
  Block: Kite shield       ||    25

Table legend: (Time is in decaauts)
 A = Elapsed time spent in this place.
 B = Non-inter-level travel time spent in this place.
 C = Inter-level travel time spent in this place.
 D = Time resting spent in this place.
 E = Time spent auto-exploring this place.
 F = Levels seen in this place.
 G = Mean time per level.
                   A        B        C        D        E       F      G
               +--------+--------+--------+--------+--------+-----+--------+
         Total |    789 |    765 |     24 |    106 |    441 |   4 |  197.2 |
       Dungeon |    789 |    765 |     24 |    106 |    441 |   4 |  197.2 |
               +--------+--------+--------+--------+--------+-----+--------+

Top non-repeatable levels by time:
     D:1: 451 daAuts
     D:4: 223 daAuts
     D:3: 113 daAuts
     D:2: 0 daAuts
